 Dungeon Crawl Stone Soup version 0.26-b1-45-g23770d1d51 (webtiles) character file.

Game seed: 8226253779422586271

1268 DocSulfur the Ruffian (level 8, -4/67 HPs)
             Began as a Grey Draconian Transmuter on Jan 6, 2021.
             Slain by a harpy zombie (6 damage)
             ... on level 7 of the Dungeon.
             The game lasted 00:15:04 (5783 turns).

DocSulfur the Ruffian (Grey Draconian Transmuter)   Turns: 5783, Time: 00:15:08

Health: -4/67      AC: 14    Str: 17    XL:     8   Next: 28%
Magic:  23/23      EV: 12    Int: 19    God:
Gold:   274        SH:  0    Dex: 14    Spells: 7/15 levels left

rFire    . . .     SeeInvis .     - Unarmed
rCold    . . .     Faith    .   (no shield)
rNeg     . . .     Spirit   .   (armour unavailable)
rPois    .         Reflect  .   (helmet restricted)
rElec    .         Harm     .   (no cloak)
rCorr    .         Rampage  +   i - +0 pair of gloves
Will     .....                  f - +1 pair of boots {rampage}
Stlth    +.........             (no amulet)
HPRegen  0.21/turn              h - ring of magical power
MPRegen  0.18/turn              k - +6 ring of intelligence

@: flying
A: walk through water, unfitting armour, big wings, agile 1, strong 1,
unbreathing, cold-blooded, AC +11
a: Stop Flying


You were on level 7 of the Dungeon.
You visited 2 branches of the dungeon, and saw 7 of its levels.

You collected 274 gold pieces.

Inventory:

Missiles
 a - 21 poisoned darts (quivered)
 b - 194 stones
 c - 36 sling bullets
 j - 53 arrows
 o - 63 bolts
 r - 3 atropa-tipped darts
Armour
 f - a +1 pair of boots of rampaging (worn)
 i - a +0 pair of gloves (worn)
Jewellery
 h - a ring of magical power (left hand)
 k - a +6 ring of intelligence (right hand)
Wands
 q - a wand of acid (13)
 s - a wand of digging (3)
Scrolls
 d - a scroll of remove curse
 e - a scroll of fear {unknown}
 l - 2 scrolls of teleportation {unknown}
 m - 2 scrolls of enchant weapon
 p - 2 scrolls of identify
Potions
 g - a potion of lignification


   Skills:
 + Level 4.3 Fighting
 - Level 1.7 Dodging
 * Level 6.4 Unarmed Combat
 + Level 4.1 Spellcasting
 * Level 6.1 Transmutations


You had 7 spell levels left.
You knew the following spells:

 Your Spells              Type           Power        Failure   Level
a - Beastly Appendage     Tmut           54%          1%          1
b - Wereblood             Tmut           27%          1%          2
c - Blade Hands           Tmut           13%          30%         5

Your spell library contained the following spells:

 Spells                   Type           Power        Failure   Level
 Spider Form              Tmut/Pois      7%           12%         3
 Ice Form                 Ice/Tmut       15%          36%         4


Dungeon Overview and Level Annotations

Branches:
Dungeon (5/15)             Temple (1/1) D:4

Altars:
Dithmenos
Fedhas
Gozag
Hepliaklqana
Kikubaaqudgha
Okawaru
Ru
Trog
Vehumet
Xom


Innate Abilities, Weirdness & Mutations

You can walk through water.
Your dull iron-grey scales are very hard. (AC +11)
You cannot fit into any form of body armour.
You can survive without breathing.
You are cold-blooded and may be slowed by cold attacks.
Your large and strong wings let you fly indefinitely.
You are agile. (Dex +2)
Your muscles are strong. (Str +2)


Message History

The centaur warrior zombie hits you but does no damage.
The shadow imp hits you but does no damage.
The shadow imp hits the withered plant.
The hellwing swoops through the air toward you!
The hellwing misses you.
The hellwing hits you but does no damage.
The hellwing hits you!
* * * LOW HITPOINT WARNING * * *
The hellwing hits you.
* * * LOW HITPOINT WARNING * * *
Found a bloodstained scale mail.
Okay, then.
The harpy zombie claws you!
* * * LOW HITPOINT WARNING * * *
The harpy zombie claws you.
* * * LOW HITPOINT WARNING * * *
The meliai zombie closely misses you.
The meliai zombie hits you but does no damage.
The harpy zombie claws you.
You die...

#......P.P.....#*,* *
******#.P.....8......#*,*
,,,,,,...P..)...5....#*,*
,,,,**...8.5$∩$..8...#*,*
,,,,**#.....Z!.......#*,*******
,,,,* #P......Z..P...##+**,,,,*
,,,,* #8P....5P.ZP......,,,,,,*
,,,,* #....8ZZ5ZZ.......,,,,,,*
,,,,* ##....P84.@..#..,,,,,,,,*
,,,,* ##.8.8.54P.##,,,,,,,,,,***
,,,,*** ####..#.###*,,,,,,,,,,,,,
,,,,,,*****#Z##.# *,,*+**,,,,,,,
,,,,,,+,,<*#.*#.#****,*,**,,,,,,,
,,,,,,*****#.,...,,,,,*,**,,,,,,,
,,,,,,* #.,...,,,,,*,**,,,,,,,
,,,,,,* *,.[..,,,,,*,*********
******* *,,,,,,,,,,,,*


You could see 2 hellwings, 5 shadow imps, an adder zombie, a wyvern zombie, a
harpy zombie, a hornet zombie, a centaur warrior zombie, a meliai zombie and 2
centaur warrior skeletons.

Vanquished Creatures
  Pikel (D:3)
  A sky beast (D:4)
  An ogre (D:3)
  A scorpion (D:4)
  A gnoll shaman (D:3)
  An orc wizard (D:3)
  4 orc priests
  Jessica (D:2)
  Natasha (thrice) (D:2)
  Ijyb (D:4)
  An iguana (D:4)
  3 worker ants (D:4)
  Robin (D:3)
  5 adders
  A gnoll (D:4)
  2 oozes
  2 worms
  2 dart slugs (D:2)
  5 leopard geckos
  14 orcs
  12 bats
  4 giant cockroaches
  20 goblins
  7 hobgoblins
  2 quokkas (D:3)
  6 frilled lizards
  12 kobolds
  10 rats
124 creatures vanquished.

Notes
Turn   | Place    | Note
-------+----------+-------------------------------------------
     0 | D:1      | DocSulfur the Draconian Transmuter began the quest for the
                  | Orb.
     0 | D:1      | Reached XP level 1. HP: 16/16 MP: 3/3
   370 | D:1      | Reached XP level 2. HP: 4/23 MP: 3/5
  1226 | D:2      | Learned a level 2 spell: Wereblood
  1260 | D:2      | Noticed Jessica
  1272 | D:2      | Killed Jessica
  1273 | D:2      | Reached XP level 3. HP: 20/29 MP: 1/6
  1585 | D:2      | Reached XP level 4. HP: 33/36 MP: 7/7
  1632 | D:2      | Noticed Natasha
  1643 | D:2      | Killed Natasha
  2026 | D:2      | Noticed Natasha
  2033 | D:2      | Killed Natasha
  2034 | D:2      | Reached XP level 5. HP: 21/41 MP: 9/9
  2247 | D:2      | Noticed Natasha
  2254 | D:2      | Killed Natasha
  2813 | D:3      | Noticed an ogre
  3219 | D:3      | Reached XP level 6. HP: 37/50 MP: 10/10
  3694 | D:3      | Noticed Robin
  3695 | D:3      | Gained mutation: Your large and strong wings let you fly
                  | indefinitely. [potion of mutation]
  3695 | D:3      | Gained mutation: You are agile. (Dex +2) [potion of
                  | mutation]
  3695 | D:3      | Gained mutation: Your muscles are strong. (Str +2) [potion
                  | of mutation]
  3729 | D:3      | Killed Robin
  4341 | D:4      | Found a staircase to the Ecumenical Temple.
  4354 | Temple   | Entered the Ecumenical Temple
  4514 | D:4      | Reached skill level 5 in Unarmed Combat
  4539 | D:4      | Noticed a sky beast
  4561 | D:4      | Killed a sky beast
  4562 | D:4      | Your scales start taking on a dull iron-grey colour.
  4562 | D:4      | Reached XP level 7. HP: 47/57 MP: 12/12
  4562 | D:4      | Gained mutation: You can survive without breathing. [Grey
                  | Draconian growth]
  4739 | D:4      | Reached skill level 5 in Transmutations
  4862 | D:4      | Noticed Pikel
  4895 | D:3      | Killed Pikel
  4896 | D:3      | Reached XP level 8. HP: 63/66 MP: 14/14
  4938 | D:3      | Learned a level 5 spell: Blade Hands
  5200 | D:4      | Noticed Ijyb
  5218 | D:4      | Killed Ijyb
  5747 | D:5      | Entered Level 5 of the Dungeon
  5778 | D:5      | You are sucked into a shaft and drop 2 floors!
  5778 | D:7      | Noticed a hellwing
  5779 | D:7      | Noticed a hellwing
  5783 | D:7      | HP: 2/67 [harpy zombie (5)]
  5783 | D:7      | Slain by a harpy zombie

Illustrated notes

Levels and vault maps discovered:
D:1:      dpeg_arrival_snail, layout_basic
D:2:      layout_rooms, uniq_natasha, uniq_jessica
D:3:      minmay_evil_eye, layout_loops_corners, minmay_diced_spiral, uniq_robin
D:4:      layout_basic, minmay_temple_entry_steel_oval,
          chequers_serial_rivers_marsh, minmay_goblin_kobold_house, uniq_ijyb,
          uniq_pikel
D:5:      cheibrodos_barr_body, layout_basic, lemuel_doored_altar,
          old_standard_altar, general_overflow_altar,
          nicolae_ossuary_entry_false_entrances, serial_shops,
          nicolae_shop_statue_plus, st_stairs_10, minmay_between
D:7:      cheibrodos_grave_circle, layout_basic, elyvilon_altar_3,
          nicolae_overflow_crystal_walls, minmay_crystal_room, minmay_circle_x
Temple:   compressed_dpeg_circular_temple

Skill      XL: |  1  2  3  4  5  6  7  8 |
---------------+-------------------------+-----
Transmutations | 3 4 5 6 |  6.1
Fighting       | 2 3 4 |  4.3
Unarmed Combat | 4 5 6 |  6.4
Spellcasting   | 3 4 |  4.1
Dodging        | |  1.7

Action                   |  1- 3 |  4- 6 |  7- 9 || total
-------------------------+-------+-------+-------++-------
Melee: Unarmed           |    90 |   200 |    93 ||   383
       Headbutt          |     5 |    25 |    10 ||    40
       Kick              |     7 |    25 |    27 ||    59
       Tailslap          |     4 |    24 |    14 ||    42
       Punch             |     1 |     3 |     4 ||     8
Throw: Dart              |       |     4 |       ||     4
 Cast: Beastly Appendage |    12 |    30 |    12 ||    54
       Wereblood         |     3 |     7 |     2 ||    12
 Abil: Fly               |       |       |     1 ||     1
Evoke: Wand              |       |       |     1 ||     1
  Use: Potion            |       |     8 |       ||     8
       Scroll            |       |     5 |     2 ||     7
Armor: Skin              |    47 |    90 |    45 ||   182
Dodge: Dodged            |    90 |   145 |    55 ||   290
